 Dungeon Crawl Stone Soup version 0.27.1-1-g398f81649c (webtiles) character file.

Game seed: 12379500797190298197

1146 acemry the Changer (level 8, -4/48 HPs)
             Began as an Octopode Transmuter on Sept 8, 2021.
             Was a Follower of Cheibriados.
             Splashed by a jelly's acid (9 damage)
             ... on level 5 of the Dungeon.
             The game lasted 00:19:25 (6793 turns).

acemry the Changer (Octopode Transmuter)            Turns: 6793, Time: 00:19:26

Health: -4/48      AC: -11   Str: 18    XL:     8   Next: 38%
Magic:  9/11       EV: 14    Int: 19    God:    Cheibriados [*.....]
Gold:   1017       SH:  0    Dex: 26    Spells: 3/11 levels left

rFire    . . .     SeeInvis .   m - +2 flail (vorpal)
rCold    . . .     Faith    .   (no shield)
rNeg     . . .     Spirit   .   (helmet restricted)
rPois    .         Reflect  .   (no amulet)
rElec    .         Harm     .   f - +6 ring of dexterity
rCorr    .         Rampage  .   h - +6 ring of strength
Will     .....                  p - +6 ring of dexterity
Stlth    +++++.....             (no ring)
HPRegen  0.16/turn              (no ring)
MPRegen  0.12/turn              (no ring)
                                (no ring)
                                (no ring)

@: corroded, very slow
A: almost no armour, amphibious, 8 rings, camouflage 1, gelatinous body 1,
(nimble swimmer 1), tentacles
a: Renounce Religion, Bend Time


You were on level 5 of the Dungeon.
You worshipped Cheibriados.
Cheibriados was aware of your devotion.
You visited 2 branches of the dungeon, and saw 6 of its levels.
You also visited: Ossuary.

You collected 1017 gold pieces.

Inventory:

Hand Weapons
 d - a +0 club
 e - a +0 dagger
 i - a +0 spear
 m - a +2 vorpal flail (weapon)
Missiles
 l - 7 datura-tipped darts
Magical Staves
 c - a staff of fire
Jewellery
 f - a +6 ring of dexterity (left tentacle)
 h - a +6 ring of strength (right tentacle)
 p - a +6 ring of dexterity (on tentacle)
Scrolls
 b - a scroll of magic mapping
Potions
 a - 3 potions of attraction {unknown}
 g - 4 potions of curing
 k - 5 potions of brilliance
 n - a potion of cancellation {unknown}
 o - a potion of lignification {unknown}
 r - 2 potions of mutation {unknown}
 s - 2 potions of haste {unknown}
 t - a potion of ambrosia {unknown}
 u - a potion of berserk rage {unknown}
 v - a potion of resistance {unknown}


   Skills:
 - Level 1.0 Fighting
 - Level 1.0 Throwing
 - Level 2.0 Dodging
 * Level 6.3 Stealth
 - Level 3.0 Unarmed Combat
 - Level 2.0 Spellcasting
 - Level 6.4 Transmutations
 * Level 2.3 Ice Magic
 - Level 4.9 Poison Magic
 * Level 2.5 Invocations


You had 3 spell levels left.
You knew the following spells:

 Your Spells              Type           Power      Damage    Failure   Level
a - Beastly Appendage     Tmut           52%        N/A       1%          1
b - Spider Form           Tmut/Pois      11%        N/A       4%          3
c - Ice Form              Ice/Tmut       18%        N/A       28%         4

Your spell library contained the following spells:

 Spells                   Type           Power      Damage    Failure   Level
 Wereblood                Tmut           26%        N/A       1%          2
 Animate Skeleton         Necr           2%         N/A       17%         1
 Apportation              Tloc           2%         N/A       17%         1
 Shock                    Conj/Air       4%         1d3       17%         1
 Slow                     Hex            1%         N/A       26%         2
 Confusing Touch          Hex            1%         N/A       45%         3
 Swiftness                Air            1%         N/A       45%         3
 Vampiric Draining        Necr           0%         2d6       45%         3
 Alistair's Intoxication  Tmut/Pois      15%        N/A       41%         5
 Airstrike                Air            0%         N/A       86%         4
 Invisibility             Hex            0%         N/A       100%        6


Dungeon Overview and Level Annotations

Branches:
Dungeon (5/15)             Temple (1/1) D:4         Ossuary (visited)

Altars:
Ashenzari
Cheibriados
Dithmenos
Elyvilon
Kikubaaqudgha
Qazlal
Ru
Sif Muna
Uskayaw
Vehumet
Wu Jian
Yredelemnul
Zin
The Shining One


Innate Abilities, Weirdness & Mutations

You cannot wear most types of armour.
You are amphibious.
You can wear up to eight rings at the same time.
Your skin changes colour to match your surroundings (Stealth+).
Your rubbery body absorbs attacks. (AC +1, EV +1)
((You are camouflaged near water. (Stealth+)))
You have tentacles for arms and can constrict up to eight enemies at once.


Message History

Your transformation is almost over.
Things that are here:
a +0 shortbow; 23 arrows Your transformation has ended.
Your +2 vorpal flail unmelds from your body.
You now have 1017 gold pieces (gained 20).
Found a stone staircase leading down.
Found a scroll of teleportation.
A jelly comes into view.
You turn into a venomous arachnid creature.
Your +2 vorpal flail melds into your body.
No target in view!
No target in view!
There is a stone staircase leading down here.
The jelly quivers.
The jelly hits you.
You are splashed with acid!
You hit the jelly.
Your front legs burn!
The jelly is lightly wounded.
The jelly completely misses you.
You hit the jelly.
Your front legs burn!
The jelly is moderately wounded.
The jelly closely misses you.
You hit the jelly. The acid corrodes you!
Your front legs burn!
The jelly is moderately wounded.
The jelly hits you. The acid corrodes you!
You are splashed with acid!
The flow of time bends around you.
Cheibriados rebukes the jelly.
The jelly seems to slow down.
The jelly hits you.
* * * LOW HITPOINT WARNING * * *
The acid corrodes you!
You are splashed with acid!
* * * LOW HITPOINT WARNING * * *
There is a stone staircase leading down here.
Your transformation is almost over.
The jelly is no longer moving slowly.
Your transformation has ended.
Your +2 vorpal flail unmelds from your body.
The jelly hits you.
* * * LOW HITPOINT WARNING * * *
The acid corrodes you!
You are splashed with acid!
You die...

###.####......#.##.### #
#..##.......#....### #.
#......#..........##
#.######.#.##.#.#....###.##
#..#.(...#.##...#..#.# #..#
#.>.#####.#..#....#.# ##.#
#.####..### #.......###.#
#.. #.........###......##
#.# ##.
#..######....@...#(## #.#
## . ###..#J.#...# #.# #
#..#..#.#.###.#
#..#..#.#..##.#
####...[......#
##.##.##.#..######
#..#..##..........
#.##.##........###
#######.#..##........#


You could see a jelly.

Vanquished Creatures
  Grinder (D:3)
  Sigmund (D:3)
  An ogre (D:4)
  A centaur (D:5)
  2 scorpions
  A hound (D:4)
  A jelly (D:5)
  5 iguanas
  A hound zombie (D:5)
  A hound skeleton (D:4)
  11 mummies (Ossuary)
  3 gnolls (D:2)
  6 adders
  2 dart slugs
  3 orcs (D:3)
  6 ball pythons
  4 endoplasms
  5 giant cockroaches
  8 goblins
  4 hobgoblins
  10 jackals
  4 quokkas
  6 bats
  4 frilled lizards
  2 gnoll skeletons (Ossuary)
  3 goblin skeletons (Ossuary)
  4 kobolds
  A kobold skeleton (Ossuary)
  2 orc skeletons (Ossuary)
  2 rats
  11 rat skeletons (Ossuary)
116 creatures vanquished.

Vanquished Creatures (others)
  2 fungi (D:2)
2 creatures vanquished.

Grand Total: 118 creatures vanquished

Notes
Turn   | Place    | Note
-------+----------+-------------------------------------------
     0 | D:1      | acemry the Octopode Transmuter began the quest for the Orb.
     0 | D:1      | Reached XP level 1. HP: 13/13 MP: 3/3
   231 | D:1      | Reached XP level 2. HP: 18/18 MP: 3/5
   411 | D:1      | Reached skill level 1 in Stealth
  1091 | D:2      | Reached XP level 3. HP: 10/23 MP: 4/6
  1095 | D:2      | Learned a level 3 spell: Spider Form
  1329 | D:2      | Found a faded altar of an unknown god.
  1338 | D:2      | Got Plato's Incunabulum of Dark Magic
  2153 | D:2      | Reached XP level 4. HP: 19/28 MP: 5/7
  2436 | D:3      | Noticed Sigmund
  2463 | D:2      | Reached skill level 1 in Poison Magic
  3073 | D:4      | Reached XP level 5. HP: 27/33 MP: 6/8
  3182 | D:4      | Noticed an ogre
  3217 | D:3      | Noticed Grinder
  3238 | D:3      | Killed Sigmund
  3239 | D:3      | Reached XP level 6. HP: 27/38 MP: 9/9
  3513 | D:3      | Paralysed by Grinder for 3 turns
  3541 | D:3      | Killed Grinder
  3542 | D:3      | Reached skill level 5 in Transmutations
  3542 | D:3      | Reached XP level 7. HP: 24/43 MP: 8/10
  4262 | D:4      | Found a staircase to the Ecumenical Temple.
  4308 | Temple   | Entered the Ecumenical Temple
  4462 | Temple   | Became a worshipper of Cheibriados the Contemplative
  4495 | D:4      | Identified a scroll of acquirement
  4495 | D:4      | Acquired 811 gold pieces
  4609 | D:4      | Reached skill level 1 in Throwing
  4614 | D:4      | Learned a level 4 spell: Ice Form
  4875 | D:5      | Entered Level 5 of the Dungeon
  5456 | D:5      | Found a sand-covered staircase.
  5464 | Ossuary  | Entered an ossuary
  5535 | Ossuary  | Reached skill level 1 in Invocations
  5600 | Ossuary  | Reached skill level 1 in Ice Magic
  5656 | Ossuary  | Reached XP level 8. HP: 48/48 MP: 8/11
  5933 | Ossuary  | Reached skill level 5 in Stealth
  6116 | Ossuary  | Reached * piety under Cheibriados
  6793 | D:5      | Splashed by a jelly's acid

Illustrated notes

Levels and vault maps discovered:
D:1:      giann_horns, layout_basic
D:2:      layout_rooms, shapermc_ecumenical_altar_rom_forum
D:3:      layout_rooms, uniq_sigmund, uniq_grinder
D:4:      layout_cave_pools, minmay_temple_entry_statues,
          kennysheep_generic_room_10
D:5:      layout_rooms, kennysheep_little_box, nicolae_ossuary_entry_plus
Temple:   eino_narrow_crystal_temple

Skill      XL: |  1  2  3  4  5  6  7  8 |
---------------+-------------------------+-----
Stealth        | 3 4 6 |  6.3
Poison Magic   | 2 3 4 |  4.9
Transmutations | 3 4 5 6 |  6.4
Throwing       | 1 |  1.0
Invocations    | 1 2 |  2.5
Ice Magic      | 1 2 |  2.3
Fighting       | |  1.0
Dodging        | |  2.0
Unarmed Combat | |  3.0
Spellcasting   | |  2.0

Action                   |  1- 3 |  4- 6 |  7- 9 || total
-------------------------+-------+-------+-------++-------
Melee: Unarmed           |    21 |    27 |   191 ||   239
       Constrict         |    27 |     8 |       ||    35
       Kick              |    24 |     9 |       ||    33
       Tentacles         |    13 |     9 |       ||    22
       Club              |    27 |       |       ||    27
       Dagger            |    30 |       |       ||    30
       Punch             |     1 |       |       ||     1
       Spear             |       |    49 |       ||    49
       Flail             |       |       |     2 ||     2
Throw: Dart              |       |     3 |       ||     3
 Cast: Beastly Appendage |    27 |    17 |       ||    44
       Spider Form       |       |     5 |    39 ||    44
Invok: Bend Time         |       |       |     1 ||     1
  Use: Scroll            |     2 |     2 |     8 ||    12
       Potion            |       |       |     1 ||     1
 Stab: Sleeping          |     5 |     7 |    14 ||    26
Armor: Skin              |     4 |     4 |     6 ||    14
Dodge: Dodged            |    51 |    47 |   122 ||   220
